Map: Ultralove

Players

lllllllllll - Winner!

  • Race: Terran Terran
  • Spawn Location: 1:00

Sindyr

  • Race: Zerg Zerg
  • League: Master
  • Spawn Location: 7:00

VOD

Have the link to the VOD?

Description

Time

  • Played on: Sept. 11, 2025, 6:14 p.m.
  • Length: 13:50
Show
View Real Time Build Order
Export as new Build Order

lllllllllll Terran - Winner!

Build Orders: Mech 

Get SALT Encoding   

  12  0:01  SCV  
  13  0:13  SCV  
  14  0:25  Supply Depot, SCV  
  15  0:46  SCV  
  15  0:48  Barracks  
  16  0:58  SCV  
  17  1:10  SCV  
  18  1:23  SCV  
  19  1:35  SCV, Bunker, Marine  
  19  1:38  Bunker  
  21  1:41  Command Center  
  21  1:47  SCV  
  21  1:53  Marine  
  23  1:55  Supply Depot  
  23  2:03  Orbital Command  
  23  2:16  Marine  
  24  2:32  SCV  
  25  2:40  Command Center  
  25  2:44  SCV, Marine  
  25  2:50  Bunker  
  27  2:53  Orbital Command  
  27  2:56  SCV  
  28  3:02  Marine  
  29  3:08  SCV  
  29  3:09  Barracks  
  30  3:19  SCV  
  31  3:20  SCV  
  31  3:22  Barracks, Marine  
  33  3:31  SCV  
  33  3:32  SCV  
  35  3:40  Marine  
  36  3:43  SCV  
  36  3:44  SCV  
  38  3:52  Orbital Command  
  38  3:55  SCV  
  39  3:56  Refinery x2  
  39  3:57  SCV, Marine  
  39  3:58  Refinery, Marine  
  39  3:59  Refinery  
  42  4:04  Bunker  
  42  4:07  SCV  
  42  4:09  SCV  
  44  4:10  Marine  
  44  4:15  Marine  
  44  4:16  Marine  
  47  4:19  SCV  
  47  4:20  Command Center  
  47  4:21  SCV x2  
  50  4:29  Bunker  
  50  4:30  Bunker  
  50  4:31  SCV  
  50  4:33  SCV x2  
  53  4:43  SCV  
  53  4:45  SCV x2  
  55  4:47  Command Center  
  55  4:50  Factory  
  55  4:52  Marine x3  
  58  4:55  SCV  
  58  4:57  SCV  
  61  5:01  Factory  
  61  5:13  Command Center  
  61  5:24  Factory  
  61  5:31  Marine x3  
  61  5:32  SCV x3  
  61  5:34  Armory  
  67  5:36  Factory Tech Lab  
  68  5:43  Command Center  
  68  5:44  SCV  
  68  5:45  Orbital Command  
  68  5:46  SCV, Factory Tech Lab  
  68  5:49  Marine x3  
  72  5:51  SCV  
  72  5:56  SCV  
  74  5:59  Siege Tank  
  77  6:06  SCV x2, Engineering Bay  
  77  6:07  Marine  
  77  6:08  SCV  
  82  6:11  SCV  
  82  6:14  Factory Tech Lab  
  82  6:15  Siege Tank  
  82  6:18  SCV x2  
  87  6:20  SCV  
  88  6:30  Thor  
  94  6:33  SCV x4  
  98  6:40  Siege Tank  
  98  6:45  SCV  
  102  6:47  Planetary Fortress  
  102  6:52  Marine x3  
  102  6:53  Refinery  
  105  6:54  Thor  
  105  6:59  Refinery, Missile Turret x4  
  105  7:00  Missile Turret  
  111  7:02  Missile Turret  
  111  7:04  Missile Turret  
  111  7:05  SCV x2  
  113  7:10  Marine  
  113  7:12  Siege Tank  
  113  7:15  SCV x2  
  119  7:25  Marine  
  119  7:26  Marine  
  121  7:45  Siege Tank x2  
  127  7:55  Orbital Command  
  127  7:59  Command Center  
  127  8:01  Command Center  
  127  8:10  Starport  
  127  8:12  Starport  
  127  8:13  Starport  
  127  8:17  Planetary Fortress  
  127  8:20  Refinery  
  127  8:21  Refinery  
  127  8:23  Missile Turret  
  127  8:24  Missile Turret  
  127  8:27  Missile Turret x2  
  127  8:33  Command Center  
  127  8:34  Command Center  
  127  8:37  Missile Turret  
  127  8:55  SCV  
  127  8:56  SCV, Missile Turret  
  129  9:10  Liberator, SCV x3, Siege Tank x3  
  129  9:12  Liberator x2  
  129  9:13  SCV x2  
  129  9:14  Planetary Fortress  
  129  9:15  Planetary Fortress  
  152  9:30  Command Center  
  152  9:33  Command Center, SCV  
  152  9:34  SCV x3  
  152  9:36  Terran Vehicle And Ship Armor Level 1  
  156  9:40  Ghost Academy  
  156  9:43  Siege Tank  
  156  9:45  Siege Tank x2  
  165  9:47  Planetary Fortress  
  165  9:48  Planetary Fortress x2  
  165  9:55  SCV x4  
  169  10:11  SCV  
  169  10:12  Refinery  
  169  10:13  Refinery, Missile Turret  
  170  10:14  Missile Turret  
  170  10:15  Siege Tank, Missile Turret x2  
  170  10:17  Starport Tech Lab  
  170  10:19  Starport Tech Lab x2, Missile Turret  
  173  10:23  Fusion Core  
  173  10:27  Starport  
  173  10:28  Hi-Sec Auto Tracking  
  173  10:32  Starport, Missile Turret  
  173  10:33  Missile Turret  
  173  10:36  Siege Tank x2  
  179  10:52  Planetary Fortress x2  
  179  10:54  Missile Turret  
  179  10:56  Command Center  
  179  10:57  Missile Turret  
  179  11:00  Command Center  
  179  11:08  Starport Tech Lab  
  179  11:09  Starport Tech Lab  
  179  11:10  Weapon Refit  
  179  11:14  Nuke  
  179  11:21  Barracks Tech Lab  
  179  11:25  Neosteel Armor  
  179  11:35  Battlecruiser x2  
  179  11:36  Battlecruiser  
  197  12:03  Missile Turret  
  197  12:04  Missile Turret  
  197  12:06  Missile Turret  
  197  12:08  Missile Turret  
  197  12:10  Missile Turret  
  197  12:11  Missile Turret  
  197  12:12  Missile Turret x2  
  197  12:13  Missile Turret x2  
  197  12:14  Missile Turret x2  
  197  12:15  Missile Turret x2  
  197  12:29  Command Center  
  197  12:35  Missile Turret  
  186  13:05  Command Center  
Show
View Real Time Build Order
Export as new Build Order

Sindyr Zerg 

Build Orders: Pool First 

Get SALT Encoding   

  12  0:01  Drone  
  13  0:12  Overlord  
  13  0:20  Drone  
  14  0:35  Drone x3  
  17  0:47  Spawning Pool  
  17  0:49  Drone  
  17  1:10  Hatchery  
  16  1:16  Drone x2  
  18  1:32  Extractor  
  17  1:35  Queen  
  17  1:37  Overlord  
  19  1:44  Drone  
  20  2:11  Queen  
  22  2:18  Overlord  
  22  2:24  Overlord  
  22  2:26  Hatchery  
  21  2:41  Queen  
  23  3:12  Drone x4  
  27  3:13  Drone x5  
  32  3:21  Extractor  
  32  3:26  Queen  
  33  3:32  Metabolic Boost  
  33  3:41  Queen  
  35  3:49  Drone  
  35  3:50  Drone x2  
  35  3:52  Drone  
  35  3:55  Drone  
  40  4:04  Drone  
  40  4:06  Drone x3  
  44  4:25  Drone x8  
  52  4:32  Extractor  
  52  4:36  Spore Crawler  
  50  4:39  Drone x3  
  53  5:07  Evolution Chamber  
  53  5:09  Evolution Chamber, Lair  
  53  5:10  Hatchery  
  53  5:11  Drone x2  
  53  5:12  Drone x4  
  56  5:31  Overlord  
  56  5:32  Overlord x2  
  56  5:40  Extractor  
  55  5:47  Zerg Missile Weapons Level 1, Zerg Ground Armor Level 1  
  55  5:51  Extractor  
  55  5:52  Drone x3  
  57  6:17  Drone x3  
  60  6:25  Queen  
  62  6:35  Drone x2  
  62  6:36  Drone x5  
  62  6:37  Drone x3, Roach Warren  
  71  7:09  Drone x3  
  71  7:13  Extractor  
  71  7:14  Drone x10  
  71  7:15  Overlord x5  
  83  7:16  Overlord x7  
  83  7:27  Drone x3, Infestation Pit  
  83  7:28  Drone x2  
  87  7:56  Extractor, Drone  
  87  7:57  Drone x2  
  89  8:03  Glial Reconstitution  
  89  8:04  Zerg Missile Weapons Level 2, Zerg Ground Armor Level 2  
  89  8:07  Hive  
  89  8:12  Drone x3  
  92  8:16  Drone  
  93  8:43  Hydralisk Den  
  92  9:11  Extractor  
  91  9:20  Hatchery  
  90  9:32  Lair  
  90  9:42  Adrenal Glands  
  90  9:56  Hydralisk Den  
  89  10:05  Tunneling Claws  
  89  10:14  Overlord x2  
  89  10:15  Overlord x8  
  89  10:24  Zerg Missile Weapons Level 3, Zerg Ground Armor Level 3  
  89  10:28  Hydralisk  
  89  10:29  Roach x3  
  89  10:30  Roach x18  
  89  10:31  Roach x7  
  89  10:32  Roach x17, Hydralisk  
  89  10:33  Roach x2  
  187  11:04  Hydralisk x3  
  187  11:05  Roach x3  
  199  11:59  Grooved Spines  
  199  12:13  Drone  
  200  12:23  Ultralisk Cavern  
  199  12:49  Hydralisk  
  199  12:50  Roach  
  157  12:52  Hydralisk x2  
  157  12:53  Hydralisk x6, Roach x6  
  157  12:54  Roach x5, Hydralisk x3  
  157  12:55  Hydralisk x6, Roach x5  
  157  12:56  Roach x6, Zergling x8  
  157  12:57  Zergling x18  
Tags
 
Composition
Mech
League
Master
Matchup
TvZ
Opening
Pool First
Replay Pack
Multiplayer
Spawn Locations
Cross Positions
Add a new tag
Caveats
  • Supply blocks, unpowered buildings, or Contaminate may cause inaccurate times.
  • Supply counts are checked every 10 seconds.